 Dungeon Crawl Stone Soup version 0.30-a0-322-g102857c98e (webtiles) character file.

Game seed: 10756048304595181574

13112 lunkers the Carver (level 12, -3/95 HPs)
             Began as a Meteoran Reaver on Oct 27, 2022.
             Was a Believer of Ru.
             Blown up by an eye of devastation (52 damage)
             ... with a bolt of energy
             ... on level 5 of the Lair of Beasts.
             The game lasted 00:17:02 (5544 turns).

lunkers the Carver (Meteoran Reaver)                Turns: 5544, Time: 00:17:03

Health: -3/95      AC: 12    Str: 16    XL:     12   Next: 59%
Magic:  16/16      EV: 17    Int: 15    God:    Ru [**....]
Gold:   528        SH:  5    Dex: 16    Spells: 15/15 levels left

rFire   + . .      SeeInvis +    s - +7 great sword (spect)
rCold   . . .      Faith    .    (shield currently unavailable)
rNeg    . . .      Spirit   .    n - +2 ring mail {rF+}
rPois   .          Reflect  +    g - +0 helmet
rElec   .          Harm     .    c - +0 cloak
rCorr   .          Rampage  .    o - +1 pair of gloves
Will    +....                    I - +0 pair of boots
Stlth   ..........               e - amulet of reflection
HPRegen 0.35/turn                l - +4 ring of evasion
MPRegen 0.15/turn                J - ring of see invisible

@: glowing
A: sense surroundings 2, no stealth, unskilled 1, otherworldly, glowing, explore
regen
a: Renounce Religion


You were on level 5 of the Lair of Beasts.
You worshipped Ru.
Ru was pleased with you.
You visited 3 branches of the dungeon, and saw 16 of its levels.

You collected 528 gold pieces.

Inventory:

Hand Weapons
 a - the +7 flail "Zoinac" {antimagic, Str-2 Int+3 Dex+5}
   (You found it on level 6 of the Dungeon)

   It reduces the magical energy of the wielder, and disrupts the spells and
   magical abilities of those it strikes.
   Natural abilities and divine invocations are not affected.
   Str:       It affects your strength (-2).
   Int:       It affects your intelligence (+3).
   Dex:       It affects your dexterity (+5).
 b - a +1 dagger of venom
 s - a +7 spectral great sword (weapon)
Missiles
 C - a curare-tipped dart
Armour
 c - a +0 cloak (worn)
 g - a +0 helmet (worn)
 n - a +2 ring mail of fire resistance (worn)
 o - a +1 pair of gloves (worn)
 r - +0 acid dragon scales
 I - a +0 pair of boots (worn)
Jewellery
 e - an amulet of reflection (around neck)
 i - a ring of ice
 l - a +4 ring of evasion (left hand)
 q - a ring of wizardry
 G - a +6 ring of intelligence
 J - a ring of see invisible (right hand)
Wands
 u - a wand of iceblast (14)
 x - a wand of paralysis (14)
 B - a wand of flame (4)
 D - a wand of mindburst (8)
 F - a wand of quicksilver (4)
Scrolls
 d - a scroll of blinking
 h - 6 scrolls of teleportation
 w - 2 scrolls of enchant armour
 y - a scroll of fear
 A - a scroll of amnesia
 E - 2 scrolls of identify
 H - a scroll of silence
Potions
 f - a potion of ambrosia
 j - 3 potions of heal wounds
 k - 2 potions of lignification
 m - 2 potions of cancellation
 p - 2 potions of curing
 t - 2 potions of mutation
 v - a potion of haste
 z - a potion of resistance {unknown}


   Skills:
 - Level 5.8 Fighting
 - Level 9.1(12.3) Short Blades
 + Level 14.4(15.5) Long Blades
 - Level 3.0 Maces & Flails
 - Level 6.4 Dodging
 - Level 2.4 Spellcasting
 - Level 3.2 Conjurations
 - Level 7.0 Evocations


You had 15 spell levels left.
You didn't know any spells.
Your spell library contained the following spells:

 Spells                   Type           Power      Damage    Failure   Level
 Foxfire                  Conj/Fire      24%        2x1d5     21%         1
 Kiss of Death            Conj/Necr      24%        2d7       21%         1
 Momentum Strike          Conj/Tloc      12%        3d8       30%         2
 Necrotise                Necr           4%         1d4       38%         1
 Blink                    Tloc           2%         N/A       52%         2
 Ensorcelled Hibernation  Hex/Ice        2%         N/A       52%         2
 Scorch                   Fire           2%         2d5       52%         2
 Hailstorm                Conj/Ice       6%         3d4       52%         3
 Lesser Beckoning         Tloc           2%         N/A       77%         3
 Spider Form              Tmut/Pois      1%         N/A       77%         3
 Vampiric Draining        Necr           1%         2d6       77%         3
 Flame Wave               Conj/Fire      6%         2d5       90%         4
 Anguish                  Hex/Necr       0%         N/A       99%         4
 Fireball                 Conj/Fire      3%         3d4       99%         5
 Irradiate                Conj/Tmut      3%         3d12      99%         5
 Agony                    Necr           1%         N/A       100%        5
 Blade Hands              Tmut           0%         N/A       100%        5
 Starburst                Conj/Fire      3%         6d3       100%        6
 Summon Cactus Giant      Summ           0%         N/A       100%        6
 Dragon Form              Tmut           0%         N/A       100%        7


Dungeon Overview and Level Annotations

Branches:
Dungeon (10/15) Zot: 1520  Temple (1/1) D:6 Zot: 492    Lair (5/5) D:10 Zot: 2192
  Slime (0/5) Lair:5
  Swamp: Lair:2-3    Shoals: Lair:2-3     Snake: Lair:2-3    Spider: Lair:2-3
    Orc: D:9-12

Altars:
Ashenzari
Cheibriados
Dithmenos
Elyvilon
Fedhas
Gozag
Hepliaklqana
Kikubaaqudgha
Makhleb
Nemelex Xobeh
Ru
Sif Muna
Trog
Uskayaw
Vehumet
Wu Jian
Xom
Yredelemnul
Zin
The Shining One
Jiyva

Shops:
D:4 !


Innate Abilities, Weirdness & Mutations

You passively map the area around you.
You cannot be stealthy.
You are somewhat unskilled. (-1 Apt)
You are easily found by Zot.
You glow in the dark.
You regain HP and MP as you explore.


Message History

You block the wolf's attack.
The rime drake bites you but does no damage.
You barely miss the wolf.
Your +7 spectral great sword hits the wolf!!
You kill the wolf!
The rime drake begins to attack, but is stunned by your conviction!
You closely miss the rime drake.
Your +7 spectral great sword hits the rime drake!!
The rime drake misses you.
You slash the rime drake!
You kill the rime drake!
You see here a wolf corpse.
You see here a +0 pair of boots.
You see here a +0 pair of boots.
I - a +0 pair of boots
J - a ring of see invisible You're wearing all the rings you can.
Remove which one? (? for menu, Esc to cancel) < or
l - a +4 ring of evasion; > or
q - a ring of wizardry You remove your ring of wizardry.
J - a ring of see invisible (right hand)
You start putting on your armour.
You continue putting on your +0 pair of boots. x4
You finish putting on your +0 pair of boots.
An eye of devastation comes into view.
The eye of devastation turns its gaze towards you.
The eye of devastation gazes at you. The bolt of energy hits you!!
Found 16 gold pieces.
Found a viscous altar of Jiyva.
Found a staircase to the Slime Pits.
A floating eye comes into view.
The floating eye turns its gaze towards you.
The floating eye's stare focuses on you.
The eye of devastation gazes at you. The bolt of energy hits you!!
* * * LOW HITPOINT WARNING * * *
The eye of devastation gazes at you. The bolt of energy hits you!!!
Ouch! That really hurt!
You die...

, ,,, , *, ,* , , , , ,
..........* ,, , ,
*..$>_...##** , ,*, ,
..GG..... * , ,,*
....... , #, ..#..# ..
*** *, ##.
###...###......#### ,
#...#......##........PP
* ,,, *
#...@................
####................. *
##......^......... *
#................
#................ **
##.......†....... *
##..............
##......†..#.[. ,
#.......####.#


You could see an eye of devastation and a floating eye (charged).

Vanquished Creatures
  A hydra (Lair:3)
  A catoblepas (Lair:3)
  Pikel (D:4)
  A black mamba (Lair:4)
  4 cane toads
  A gargoyle (D:10)
  4 rime drakes
  3 komodo dragons
  A polar bear (D:10)
  A troll (D:10)
  4 slime creatures (D:9)
  3 blink frogs (Lair:4)
  A hornet (D:9)
  A spriggan (Lair:3)
  A wyvern (D:10)
  A wraith (D:9)
  2 basilisks
  An acid dragon (D:5)
  Duvessa (D:4)
  7 water moccasins
  2 sky beasts (D:6)
  3 orc warriors
  4 ice beasts
  2 black bears
  4 ogres
  12 wolves
  A centaur (D:9)
  A lemure (D:4)
  A kobold brigand (D:8)
  6 bullfrogs
  A scorpion (D:5)
  4 wights
  Dowan (D:4)
  8 killer bees (D:10)
  2 electric eels
  3 hounds
  5 jellies
  4 gnoll boudas
  3 orc priests
  2 iguanas (D:4)
  2 orc wizards
  16 gnolls
  5 adders
  2 shadow imps
  5 white imps
  A worm (D:4)
  A dart slug (D:3)
  13 orcs
  3 ball pythons
  4 endoplasms
  3 giant cockroaches
  4 hobgoblins
  6 jackals (D:2)
  2 quokkas
  2 bats
  4 frilled lizards
  9 goblins
  4 kobolds
  3 rats
198 creatures vanquished.

Vanquished Creatures (others)
  2 fungi
  2 plants
4 creatures vanquished.

Grand Total: 202 creatures vanquished

Notes
Turn   | Place    | Note
-------+----------+-------------------------------------------
     0 | D:1      | lunkers the Meteoran Reaver began the quest for the Orb.
     0 | D:1      | Reached XP level 1. HP: 17/17 MP: 5/5
    79 | D:1      | Reached XP level 2. HP: 24/24 MP: 6/6
   404 | D:1      | Reached XP level 3. HP: 27/29 MP: 8/8
   799 | D:3      | Reached XP level 4. HP: 36/36 MP: 9/9
   827 | D:3      | Reached skill level 5 in Short Blades
  1263 | D:4      | Reached XP level 5. HP: 40/41 MP: 10/10
  1356 | D:4      | Noticed an ogre
  1375 | D:4      | Killed an ogre
  1376 | D:4      | Reached XP level 6. HP: 36/48 MP: 11/11
  1412 | D:4      | Noticed Pikel
  1414 | D:4      | Noticed Duvessa
  1433 | D:4      | Noticed Dowan
  1451 | D:4      | Killed Pikel
  1452 | D:4      | Reached XP level 7. HP: 42/57 MP: 12/12
  1452 | D:4      | Reached XP level 8. HP: 46/63 MP: 13/13
  1511 | D:4      | Found Ygegisk's Distillery.
  1553 | D:4      | Killed Duvessa
  1566 | D:4      | Killed Dowan
  1628 | D:4      | Reached skill level 5 in Dodging
  1790 | D:5      | Entered Level 5 of the Dungeon
  1963 | D:5      | Reached skill level 5 in Fighting
  1963 | D:5      | Gained mutation: You passively map the area around you.
                  | [Meteoran growth]
  1963 | D:5      | Reached XP level 9. HP: 66/74 MP: 14/14
  1974 | D:5      | Found a shimmering blue altar of Sif Muna.
  2439 | D:6      | Identified the +7 flail "Zoinac" {antimagic, Str-2 Int+3
                  | Dex+5}
  2515 | D:6      | Reached skill level 10 in Short Blades
  2686 | D:6      | Found a staircase to the Ecumenical Temple.
  2696 | Temple   | Entered the Ecumenical Temple
  2785 | Temple   | Became a worshipper of Ru the Awakened
  2943 | D:7      | Reached skill level 1 in Long Blades
  3017 | D:7      | Reached skill level 2 in Long Blades
  3021 | D:7      | Reached skill level 3 in Long Blades
  3021 | D:7      | Reached XP level 10. HP: 44/84 MP: 15/15
  3041 | D:7      | Reached skill level 4 in Long Blades
  3082 | D:7      | Found a radiant altar of Vehumet.
  3085 | D:7      | Found a hide-covered altar of Uskayaw.
  3780 | D:8      | Reached skill level 5 in Long Blades
  3826 | D:8      | Reached skill level 6 in Long Blades
  3855 | D:8      | Gained mutation: You are somewhat unskilled. (-1 Apt) [Ru
                  | sacrifice]
  3855 | D:8      | Reduced skill Fighting to level 5
  3855 | D:8      | Reduced skill Long Blades to level 5
  3855 | D:8      | Reached * piety under Ru
  4212 | D:9      | Reached skill level 6 in Long Blades
  4312 | D:9      | Reached skill level 7 in Long Blades
  4320 | D:9      | Reached skill level 8 in Long Blades
  4369 | D:9      | Reached skill level 9 in Long Blades
  4437 | D:10     | Entered Level 10 of the Dungeon
  4449 | D:10     | Reached XP level 11. HP: 89/89 MP: 15/15
  4459 | D:10     | Reached skill level 10 in Long Blades
  4548 | D:10     | Reached skill level 11 in Long Blades
  4707 | D:10     | Found a staircase to the Lair.
  4711 | D:10     | Reached skill level 12 in Long Blades
  4736 | Lair:1   | Entered Level 1 of the Lair of Beasts
  4804 | Lair:1   | Reached skill level 1 in Evocations
  4946 | Lair:2   | Gained mutation: You cannot be stealthy. [Ru sacrifice]
  4946 | Lair:2   | Reached ** piety under Ru
  5104 | Lair:3   | Noticed a catoblepas
  5116 | Lair:3   | Killed a catoblepas
  5117 | Lair:3   | Reached skill level 13 in Long Blades
  5123 | Lair:3   | Reached XP level 12. HP: 53/95 MP: 16/16
  5169 | Lair:3   | Noticed an eight-headed hydra
  5174 | Lair:3   | Killed an eight-headed hydra
  5258 | Lair:4   | Reached skill level 5 in Evocations
  5409 | Lair:5   | Entered Level 5 of the Lair of Beasts
  5499 | Lair:5   | Reached skill level 14 in Long Blades
  5542 | Lair:5   | Found a staircase to the Slime Pits.
  5542 | Lair:5   | Found a viscous altar of Jiyva.
  5544 | Lair:5   | Blown up by an eye of devastation

Illustrated notes

Levels and vault maps discovered:
D:1:      spicycebolla_arrival_ecumenical, layout_basic
D:2:      layout_rooms
D:3:      layout_loops_corners, st_stairs_3
D:4:      layout_cave_pools, serial_shops, nicolae_inconvenience_store,
          uniq_duvessa, uniq_crazy_yiuf_cottage, uniq_pikel
D:5:      layout_cave_pools, mainiacjoe_overflow_swirl, minmay_chambers_of_fives
D:6:      layout_loops_cross, grunt_qazlal_clouds, temple_hall, minivault_25
D:7:      layout_loops_corners, grunt_temple_overflow_open, enter_bailey_8
D:8:      layout_basic
D:9:      layout_big_octagon
D:10:     layout_roguey, hellmonk_lair_entry_icy
Temple:   nicolae_temple_bog_church
Lair:1:   layout_cave_pods, st_stairs_9, bh_autumn_forest_stairs,
          grunt_forest_large_clearings
Lair:2:   layout_roguey, palyth_hydra_swamp_entry, nicolae_quartered_pool_super,
          uniq_maggie
Lair:3:   layout_cave_pods, spider_nest_entry_webs,
          grunt_forest_large_clearing_hut, grunt_megastairs_1
Lair:4:   layout_hall_layers, infiniplex_staircase_pool
Lair:5:   evilmike_catoblepas_cave, layout_cave_pods, minmay_slime_entry_eyes,
          uniq_nessos

Skill      XL: |  1  2  3  4  5  6  7  8  9 10 11 12 |
---------------+-------------------------------------+-----
Short Blades   | 4 5 7 8 9 10 9 |  9.1
Fighting       | 3 5 6 5 |  5.8
Dodging        | 4 5 7 6 |  6.4
Maces & Flails | 3 |  3.0
Long Blades    | 3 9 13 14 | 14.4
Evocations     | 4 7 |  7.0
Spellcasting   | |  2.4
Conjurations   | |  3.2

Action                   |  1- 3 |  4- 6 |  7- 9 | 10-12 || total
-------------------------+-------+-------+-------+-------++-------
Melee: Short sword       |   142 |       |       |       ||   142
       Dagger            |    12 |   104 |   296 |       ||   412
       Punch             |     1 |       |     9 |       ||    10
       Flail             |       |       |    13 |       ||    13
       Great sword       |       |       |     8 |   254 ||   262
Invok: Sacrifice Skill   |       |       |       |     1 ||     1
       Sacrifice Stealth |       |       |       |     1 ||     1
Evoke: Wand              |       |       |       |     8 ||     8
  Use: Scroll            |       |     6 |     9 |     7 ||    22
       Potion            |       |     1 |     1 |       ||     2
 Stab: Distracted        |       |       |       |     2 ||     2
       Petrified         |       |       |       |     1 ||     1
Armor: Leather armour    |    63 |     1 |       |       ||    64
       Ring mail         |       |    33 |    55 |   116 ||   204
       Skin              |       |     5 |       |       ||     5
Dodge: Dodged            |    87 |    29 |   127 |   202 ||   445
Block: Other             |       |       |    44 |    68 ||   112
       Reflection        |       |       |       |     2 ||     2

Table legend: (Time is in decaauts)
 A = Elapsed time spent in this place.
 B = Non-inter-level travel time spent in this place.
 C = Inter-level travel time spent in this place.
 D = Time resting spent in this place.
 E = Time spent auto-exploring this place.
 F = Levels seen in this place.
 G = Mean time per level.
                   A        B        C        D        E       F      G
               +--------+--------+--------+--------+--------+-----+--------+
         Total |   5393 |   4957 |    436 |     45 |   3095 |  16 |  337.1 |
       Dungeon |   4480 |   4091 |    389 |     45 |   2560 |  10 |  448.0 |
        Temple |    107 |     87 |     20 |      0 |     64 |   1 |  107.0 |
          Lair |    806 |    779 |     27 |      0 |    470 |   5 |  161.2 |
               +--------+--------+--------+--------+--------+-----+--------+

Top non-repeatable levels by time:
     D:7: 838 daAuts
     D:4: 593 daAuts
     D:8: 550 daAuts
     D:6: 496 daAuts
     D:3: 486 daAuts
     D:1: 443 daAuts
     D:5: 317 daAuts
     D:9: 295 daAuts
    D:10: 258 daAuts
  Lair:3: 256 daAuts
     D:2: 200 daAuts
  Lair:4: 179 daAuts
  Lair:5: 132 daAuts
  Lair:1: 130 daAuts
  Temple: 107 daAuts
